 Dungeon Crawl Stone Soup version 0.20.1-1-g8b1a95d66d (webtiles) character file.

14124 Reeggar the Cleaver (level 11, -13/95 HPs)
             Began as a Grey Draconian Fighter on Nov 19, 2017.
             Was the Champion of Cheibriados.
             Mangled by a freezing wraith (15 damage)
             ... in an ice cave.
             The game lasted 01:00:50 (12688 turns).

Reeggar the Cleaver (Grey Draconian Fighter)       Turns: 12688, Time: 01:00:51

Health: -13/95     AC: 12    Str: 37    XL:     11   Next: 84%
Magic:  11/11      EV: 19    Int: 24    God:    Cheibriados [******]
Gold:   642        SH: 18    Dex: 25    Spells: 5/10 levels left

rFire    . . .     SeeInvis .   a - +0 war axe (protect)
rCold    . . .     Gourm    .   b - +3 shield
rNeg     . . .     Faith    .   (armour unavailable)
rPois    .         Spirit   .   (helmet restricted)
rElec    .         Reflect  .   (no cloak)
rCorr    .         Harm     .   (no gloves)
MR       .....                  (no boots)
Stlth    ++++......             (no amulet)
Regen    0.3/turn               r - ring of stealth
MPRegen  0.2/turn               y - +3 ring of slaying

@: very slow
A: walk through water, unfitting armour, unbreathing, cold-blooded, AC +12
a: Bend Time, Temporal Distortion, Slouch, Step From Time, Renounce Religion


You were in an ice cave.
You worshipped Cheibriados.
Cheibriados was exalted by your worship.
You were not hungry.

You visited 2 branches of the dungeon, and saw 10 of its levels.
You also visited: Sewer and Ice Cave.

You collected 642 gold pieces.

Inventory:

Hand Weapons
 a - a +0 war axe of protection (weapon)
 m - a +0 scythe
 N - a +1 spear of venom
Missiles
 u - 5 tomahawks (quivered)
Armour
 b - a +3 shield (worn)
Magical Staves
 D - a cursed staff of earth
Jewellery
 k - an uncursed ring of fire
 r - a ring of stealth (left hand)
 y - a +3 ring of slaying (right hand)
 E - an uncursed ring of flight {unknown}
 L - an uncursed ring of magical power {unknown}
Wands
 f - a wand of paralysis (2/24)
 x - a wand of polymorph (5/24)
 G - a wand of enslavement (16/24)
Scrolls
 h - 4 scrolls of amnesia
 o - 4 scrolls of teleportation
 p - a scroll of recharging
 s - 4 scrolls of remove curse
 t - a scroll of fog
 v - a scroll of identify
 H - 2 scrolls of magic mapping
 K - a scroll of enchant armour
Potions
 c - a potion of flight
 e - a potion of mutation {unknown}
 i - 3 potions of agility
 l - 2 potions of haste {unknown}
 n - 7 potions of curing {unknown}
 z - 3 potions of lignification {unknown}
 J - 2 potions of brilliance {unknown}
Books
 j - a book of Battle

   Spells                             Type                      Level
   a - Infusion                       Charms                       1
   b - Shroud of Golubria             Charms/Translocation         2
   c - Song of Slaying                Charms                       2
   d - Spectral Weapon                Hexes/Charms                 3
   e - Regeneration                   Charms/Necromancy            3
 I - a book of Geomancy

   Spells                             Type                      Level
   a - Sandblast                      Earth                        1
   b - Passwall                       Transmutation/Earth          2
   c - Stone Arrow                    Conjuration/Earth            3
   d - Petrify                        Transmutation/Earth          4
   e - Lee's Rapid Deconstruction     Earth                        5
Miscellaneous
 q - a lamp of fire
 M - a box of beasts
Comestibles
 d - 3 bread rations
 g - 2 meat rations
 w - a royal jelly
 C - 6 fruits


   Skills:
 + Level 8.5 Fighting
 + Level 12.2 Axes
 + Level 8.0 Dodging
 + Level 4.8 Stealth
 + Level 9.5 Shields
 + Level 0.1 Spellcasting
 + Level 0.2 Necromancy


You had 5 spell levels left.
You knew the following spells:

 Your Spells              Type           Power        Failure   Level  Hunger
a - Passwall              Tmut/Erth      #.........   41%         2    ###....
b - Regeneration          Chrm/Necr      #.........   63%         3    ####...


Dungeon Overview and Level Annotations

Branches:
Dungeon (9/15)             Temple (0/1) D:6            Lair (1/6) D:9
    Orc: D:9-12

Altars:
Cheibriados
Elyvilon
Fedhas
Gozag
Qazlal
Uskayaw
The Shining One


Innate Abilities, Weirdness & Mutations

You can walk through water.
Your dull iron-grey scales are very hard. (AC +12)
You cannot fit into any form of body armour.
You can survive without breathing.
You are cold-blooded and may be slowed by cold attacks.


Message History

The freezing wraith is moderately damaged.
You barely miss the freezing wraith. You block the freezing wraith's attack.
The freezing wraith misses you. The freezing wraith hits you!
* * * LOW HITPOINT WARNING * * *
The freezing wraith freezes you!
* * * LOW HITPOINT WARNING * * *
You block the freezing wraith's attack.
Okay, then.
You fail to use your ability.
You feel yourself speed up. You block the freezing wraith's attack.
The freezing wraith hits you but does no damage.
The freezing wraith misses you. You block the freezing wraith's attack.
The freezing wraith misses you.
The freezing wraith hits you but does no damage.
You block the freezing wraith's attack. The freezing wraith closely misses you.
The freezing wraith hits you.
* * * LOW HITPOINT WARNING * * *
The freezing wraith freezes you!
You die...

## .## .##
...# ..##
..## ...##
...###
....####
#...##
.......##
#...#
.###....##
###WW# ##
###...#
##..@.# ##..#
##....##
#...###...###
##..###...##
##..###...##
##..###...##
#.......###
##....###
######


You could see 2 freezing wraiths.

Vanquished Creatures
  3 two-headed ogres
  Pikel (D:4)
  5 large abominations (D:9)
  Joseph (D:8)
  2 freezing wraiths (IceCv)
  A wolf spider simulacrum (IceCv)
  A hornet (D:9)
  2 trolls (D:8)
  A hippogriff (D:7)
  9 yaks (D:9)
  Sigmund (D:2)
  A basilisk (Lair:1)
  A death yak simulacrum (IceCv)
  2 porcupines (D:9)
  7 ice beasts
  3 sky beasts (D:6)
  2 eyes of draining (D:8)
  5 orc warriors
  3 black bears
  A phantom (D:7)
  8 ogres
  5 centaurs
  7 small abominations (D:9)
  A crocodile (Lair:1)
  9 bullfrogs
  A gnoll sergeant (D:8)
  2 wyvern zombies
  A scorpion (D:9)
  An elephant simulacrum (IceCv)
  8 killer bees
  6 howler monkeys
  2 crimson imps (D:7)
  2 bullfrog zombies
  A centaur zombie (D:7)
  6 jellies
  A bullfrog skeleton (D:9)
  4 orc priests
  7 orc wizards
  Ijyb (D:4)
  2 iguanas
  9 worker ants
  A wolf simulacrum (IceCv)
  A hound zombie (D:7)
  2 hound skeletons
  A howler monkey zombie (D:9)
  A worker ant zombie (D:5)
  7 gnolls
  12 adders
  2 shadow imps
  17 white imps
  2 oozes
  6 worms
  A dart slug (D:2)
  8 leopard geckos
  23 orcs
  9 ball pythons
  11 giant cockroaches
  7 goblins
  7 hobgoblins
  4 jackals (D:3)
  11 kobolds
  4 quokkas
  A ball python skeleton (D:5)
  5 bats
  8 frilled lizards
  2 goblin zombies (D:9)
  5 hobgoblin zombies (D:9)
  A jackal skeleton (D:4)
  A jackal zombie (D:5)
  2 kobold skeletons (D:9)
  2 leopard gecko skeletons
  An orc skeleton (D:9)
  An orc zombie (D:9)
  2 quokka skeletons
  A quokka zombie (D:7)
  9 rats
  2 fungi (D:9)
316 creatures vanquished.

Vanquished Creatures (others)
  A wizard (D:9)
  A slave (D:4)
  An adder (D:4)
  A jackal (D:4)
  A quokka (D:4)
  A frilled lizard (D:4)
  3 fungi (D:9)
  7 plants (D:9)
16 creatures vanquished.

Grand Total: 332 creatures vanquished

Notes
Turn   | Place    | Note
-------+----------+-------------------------------------------
     0 | D:1      | Reeggar the Draconian Fighter began the quest for the Orb.
     0 | D:1      | Reached XP level 1. HP: 19/19 MP: 1/1
   429 | D:1      | Reached XP level 2. HP: 20/26 MP: 2/2
  1021 | D:2      | Reached XP level 3. HP: 33/33 MP: 3/3
  1427 | D:2      | Noticed Sigmund
  1441 | D:2      | Killed Sigmund
  1441 | D:2      | Reached skill level 3 in Axes
  1441 | D:2      | Reached XP level 4. HP: 12/40 MP: 4/4
  1441 | D:2      | Reached XP level 5. HP: 14/46 MP: 5/5
  1860 | D:2      | Found a snail-covered altar of Cheibriados.
  2361 | D:2      | Became a worshipper of Cheibriados the Contemplative
  2646 | D:3      | Reached XP level 6. HP: 14/52 MP: 6/6
  3045 | D:3      | Reached * piety under Cheibriados
  3129 | D:3      | Reached skill level 4 in Axes
  3763 | D:4      | Reached skill level 1 in Stealth
  3817 | D:4      | Noticed Ijyb
  3817 | D:4      | Paralysed by Ijyb for 3 turns
  3826 | D:4      | Paralysed by Ijyb for 6 turns
  3838 | D:4      | Killed Ijyb
  3949 | D:4      | Found a glowing drain.
  3987 | Sewer    | Entered a sewer
  4236 | Sewer    | Reached ** piety under Cheibriados
  4462 | Sewer    | Reached skill level 5 in Axes
  4462 | Sewer    | Your scales start taking on a dull iron-grey colour.
  4462 | Sewer    | Reached XP level 7. HP: 58/60 MP: 7/7
  4462 | Sewer    | Gained mutation: You can survive without breathing. [Grey Draconian growth]
  5169 | D:4      | Noticed Pikel
  5188 | D:4      | Killed Pikel
  5188 | D:4      | Reached skill level 5 in Fighting
  5188 | D:4      | Reached skill level 6 in Axes
  5188 | D:4      | Reached skill level 5 in Dodging
  5188 | D:4      | Reached XP level 8. HP: 68/68 MP: 8/8
  5302 | D:4      | Reached *** piety under Cheibriados
  5575 | D:5      | Entered Level 5 of the Dungeon
  5668 | D:5      | Reached skill level 5 in Shields
  5736 | D:5      | Found an opulent altar of Gozag.
  5930 | D:5      | Found a white marble altar of Elyvilon.
  5993 | D:5      | Reached skill level 7 in Axes
  7045 | D:6      | Reached skill level 8 in Axes
  7045 | D:6      | Reached XP level 9. HP: 67/75 MP: 9/9
  7124 | D:6      | Found a staircase to the Ecumenical Temple.
  7137 | D:6      | Reached **** piety under Cheibriados
  7530 | D:6      | You fall through a shaft for 3 floors!
  7625 | D:8      | Found a stormy altar of Qazlal.
  7648 | D:8      | Noticed a troll
  7650 | D:8      | Noticed a two-headed ogre
  7655 | D:8      | Killed a troll
  7655 | D:8      | Reached skill level 9 in Axes
  7669 | D:8      | Killed a two-headed ogre
  7960 | D:7      | Was placed under penance by Cheibriados
  7990 | D:7      | Found a blossoming altar of Fedhas.
  8011 | D:7      | Was forgiven by Cheibriados
  8039 | D:7      | Found a hide-covered altar of Uskayaw.
  8118 | D:7      | Reached XP level 10. HP: 81/84 MP: 10/10
  8318 | D:7      | Reached skill level 10 in Axes
  8629 | D:7      | Found a stormy altar of Qazlal.
  9048 | D:7      | Reached ***** piety under Cheibriados
  9928 | D:8      | Learned a level 2 spell: Passwall
 10370 | D:8      | Noticed Joseph
 10397 | D:8      | Killed Joseph
 10458 | D:8      | Noticed a two-headed ogre
 10471 | D:8      | Killed a two-headed ogre
 10471 | D:8      | Reached skill level 11 in Axes
 10628 | D:9      | Learned a level 3 spell: Regeneration
 10935 | D:9      | Reached XP level 11. HP: 58/92 MP: 11/11
 11617 | D:9      | Reached ****** piety under Cheibriados
 11623 | D:9      | Found a glowing golden altar of the Shining One.
 11815 | D:9      | Noticed a wizard
 11818 | D:9      | Killed a wizard
 11828 | D:9      | Noticed a large abomination
 11828 | D:9      | Noticed a large abomination
 11833 | D:9      | Killed a large abomination
 11865 | D:9      | Killed a large abomination
 12004 | D:9      | Noticed a two-headed ogre
 12018 | D:9      | Killed a two-headed ogre
 12116 | D:9      | Found a staircase to the Lair.
 12129 | Lair:1   | Entered Level 1 of the Lair of Beasts
 12215 | Lair:1   | Found a frozen archway.
 12224 | Lair:1   | Reached skill level 12 in Axes
 12236 | IceCv    | Entered an ice cave
 12688 | IceCv    | HP: 2/95 [freezing wraith (6)]
 12688 | IceCv    | Mangled by a freezing wraith

Skill      XL: |  1  2  3  4  5  6  7  8  9 10 11 |
---------------+----------------------------------+-----
Dodging        | 3 4 5 6 7 8 |  8.0
Fighting       | 4 5 6 7 8 |  8.5
Axes           | 3 5 6 8 9 11 12 | 12.2
Shields        | 4 5 6 8 9 |  9.5
Stealth        | 1 2 3 4 |  4.8
Spellcasting   | |  0.1
Necromancy     | |  0.2

Action                   |  1- 3 |  4- 6 |  7- 9 | 10-12 || total
-------------------------+-------+-------+-------+-------++-------
Melee: War axe           |    88 |   231 |   208 |   372 ||   899
       Tailslap          |     9 |    35 |    48 |   115 ||   207
Throw: Tomahawk          |       |       |       |     1 ||     1
  Use: Potion            |     1 |     2 |     2 |     2 ||     7
       Scroll            |       |     5 |     3 |    11 ||    19
 Stab: Sleeping          |       |     1 |     3 |     9 ||    13
       Distracted        |       |       |     1 |       ||     1
  Eat: Chunk             |     1 |     7 |     3 |     2 ||    13
       Bread ration      |       |     1 |       |     1 ||     2
       Meat ration       |       |       |       |     1 ||     1
Armor: Skin              |    35 |    50 |    60 |    88 ||   233
Dodge: Dodged            |    45 |   126 |    96 |   227 ||   494
Block: Shield            |    49 |   144 |   138 |   375 ||   706
